 Dungeon Crawl Stone Soup version 0.30-a0-341-g682706514a (webtiles) character file.

Game seed: 7330727289703492779

182 IdlyInterested the Trooper (level 5, 0/47 HPs)
             Began as a Demonspawn Wanderer on Nov 4, 2022.
             Slain by an orc wizard
             ... wielding a +2 dagger of electrocution
              (3 damage)
             ... on level 3 of the Dungeon.
             The game lasted 00:08:19 (2536 turns).

IdlyInterested the Trooper (Demonspawn Wanderer)    Turns: 2536, Time: 00:08:20

Health: 0/47       AC:  8    Str: 18    XL:     5   Next: 35%
Magic:  5/5        EV:  9    Int: 14    God:
Gold:   182        SH:  7    Dex: 14    Spells: 4/4 levels left

rFire   . . .      SeeInvis .    h - +6 mace
rCold   . . .      Faith    .    e - +2 buckler
rNeg    . . .      Spirit   .    c - +0 scale mail
rPois   .          Reflect  .    m - +0 helmet
rElec   .          Harm     .    (no cloak)
rCorr   .          Rampage  .    (no gloves)
Will    .....                    (no boots)
Stlth   ..........               (no amulet)
HPRegen 0.27/turn                a - +6 ring of strength
MPRegen 0.09/turn                (no ring)

@: no status effects
A: rugged brown scales 1, demonic guardian 1, demonic magic 1
a: no special abilities


You were on level 3 of the Dungeon.
You visited 1 branch of the dungeon, and saw 3 of its levels.

You collected 182 gold pieces.

Inventory:

Hand Weapons
 h - a +6 mace (weapon)
 k - a +0 short sword
Missiles
 i - 5 poisoned darts
 p - 5 boomerangs (quivered)
Armour
 c - a +0 scale mail (worn)
 e - a +2 buckler (worn)
 m - a +0 helmet (worn)
Jewellery
 a - a +6 ring of strength (left hand)
Wands
 o - a wand of polymorph (7)
Scrolls
 b - a scroll of butterflies
 j - a scroll of teleportation
Potions
 d - a potion of lignification
 g - 3 potions of heal wounds {unknown}
 l - a potion of might {unknown}


   Skills:
 * Level 5.9 Fighting
 - Level 2.0 Armour
 + Level 1.3 Dodging
 - Level 3.6 Shields


You had 4 spell levels left.
You didn't know any spells.
Your spell library contained the following spells:

 Spells                   Type           Power      Damage    Failure   Level
 Stone Arrow              Conj/Erth      0%         3d7       98%         3
 Animate Armour           Summ/Erth      0%         N/A       100%        4
 Lehudib's Crystal Spear  Conj/Erth      0%         10d2      100%        8


Dungeon Overview and Level Annotations

Branches:
Dungeon (3/15)

Altars:
Makhleb


Innate Abilities, Weirdness & Mutations

You are partially covered in rugged brown scales. (AC +1, +3% HP)
A weak demonic guardian rushes to your aid.
Spells you cast may paralyse adjacent enemies.


Message History

l - a fizzy golden potion
Things that are here:
a +0 whip; a kobold corpse
There is a stone staircase leading down here.
An orc comes into view. It is wielding a +0 dagger.
The orc shouts!
An orc comes into view. It is wielding a +0 mace.
An orc wizard comes into view.
It is wielding a +2 dagger of electrocution.
The orc shouts!
The orc hits you but does no damage.
You sock the orc!
You kill the orc!
The orc wizard mumbles some strange words.
The orc wizard flickers and vanishes!
Deactivating autopickup; reactivate with Ctrl-A.
You sock the orc!
You kill the orc!
An orc comes into view. It is wielding a +0 whip.
Something hits you but does no damage.
Things that are here:
a +0 mace; a +0 dagger; an orc corpse You hit something.
Something hits you but does no damage.
You are electrocuted!
The orc hits you with a +0 whip. Something hits you.
You miss something. Something hits you. The orc barely misses you.
You closely miss something. Something hits you but does no damage.
The orc hits you but does no damage. The orc hits you with a +0 whip.
Something hits you.
You are electrocuted!!
* * * LOW HITPOINT WARNING * * *
A demonic guardian appears!
You sock the orc!
You kill the orc!
Something hits you but does no damage.
You feel better. Something hits you.
* * * LOW HITPOINT WARNING * * *
You miss something. Something hits you.
* * * LOW HITPOINT WARNING * * *
Something hits you.
* * * LOW HITPOINT WARNING * * *
Something hits you.
You die...

..........##############
..........#
..........#######
.................
##........#######
#............... #
#........#########.#
#............5){...#
#..............@#..#
#........######.# #
#........# #.#
#........# #.#
########.# #.# #.# #.#
#. #.# #.#


You could see a friendly iron imp (summoned).

Vanquished Creatures
  Robin (D:2)
  3 gnolls (D:2)
  6 adders
  A worm (D:3)
  4 orcs (D:3)
  6 ball pythons
  5 endoplasms
  3 giant cockroaches
  7 goblins
  7 hobgoblins
  2 jackals (D:1)
  2 quokkas
  6 bats
  6 kobolds
  2 rats (D:2)
61 creatures vanquished.

Vanquished Creatures (collateral kills)
  A gnoll (D:2)
  A worm (D:3)
  A bat (D:2)
  3 goblins (D:2)
  A hobgoblin (D:2)
  A ball python (D:1)
8 creatures vanquished.

Grand Total: 69 creatures vanquished

Notes
Turn   | Place    | Note
-------+----------+-------------------------------------------
     0 | D:1      | IdlyInterested the Demonspawn Wanderer began the quest for
                  | the Orb.
     0 | D:1      | IdlyInterested set off with the following items: a +0 club,
                  | a scroll of butterflies, a +0 scale mail, a potion of
                  | lignification, a +2 buckler.
     0 | D:1      | Reached XP level 1. HP: 18/18 MP: 1/1
   194 | D:1      | Gained mutation: A weak demonic guardian rushes to your
                  | aid. [demonic ancestry]
   194 | D:1      | Reached XP level 2. HP: 24/24 MP: 2/2
   805 | D:2      | Reached skill level 4 in Fighting
   808 | D:2      | Noticed Robin
   867 | D:1      | Reached XP level 3. HP: 29/30 MP: 3/3
   888 | D:2      | Killed Robin
  1122 | D:2      | Reached skill level 5 in Fighting
  1122 | D:2      | Gained mutation: Spells you cast may paralyse adjacent
                  | enemies. [demonic ancestry]
  1122 | D:2      | Reached XP level 4. HP: 22/39 MP: 4/4
  1240 | D:2      | Found a burning altar of Makhleb.
  1413 | D:2      | Found a faded altar of an unknown god.
  1890 | D:3      | Gained mutation: You are partially covered in rugged brown
                  | scales. (AC +1, +3% HP) [demonic ancestry]
  1890 | D:3      | Reached XP level 5. HP: 30/46 MP: 5/5
  2536 | D:3      | Slain by an orc wizard

Illustrated notes

Levels and vault maps discovered:
D:1:      lemuel_arrival_rhombus, layout_loops_ring
D:2:      layout_basic, shapermc_ecumenical_altar_totnotflames, basic_altar,
          st_stairs_11, kennysheep_generic_room_6, uniq_robin
D:3:      layout_basic, yredelemnul_altar_generic

Skill      XL: |  1  2  3 |
---------------+----------+-----
Armour         | 2 |  2.0
Fighting       | 4 5 |  5.9
Dodging        | |  1.3
Shields        | |  3.6

Action                   |  1- 3 |  4- 6 || total
-------------------------+-------+-------++-------
Melee: Club              |    19 |       ||    19
       Mace              |    69 |     7 ||    76
       Trident           |     7 |    35 ||    42
       Short sword       |       |   127 ||   127
  Use: Scroll            |       |     4 ||     4
       Potion            |       |     1 ||     1
Armor: Scale mail        |    45 |    65 ||   110
Dodge: Dodged            |    46 |    59 ||   105
Block: Buckler           |    51 |    61 ||   112

Table legend: (Time is in decaauts)
 A = Elapsed time spent in this place.
 B = Non-inter-level travel time spent in this place.
 C = Inter-level travel time spent in this place.
 D = Time resting spent in this place.
 E = Time spent auto-exploring this place.
 F = Levels seen in this place.
 G = Mean time per level.
                   A        B        C        D        E       F      G
               +--------+--------+--------+--------+--------+-----+--------+
         Total |   2598 |   2341 |    257 |    322 |   1246 |   3 |  866.0 |
       Dungeon |   2598 |   2341 |    257 |    322 |   1246 |   3 |  866.0 |
               +--------+--------+--------+--------+--------+-----+--------+

Top non-repeatable levels by time:
     D:2: 990 daAuts
     D:1: 921 daAuts
     D:3: 687 daAuts
